AoeStats
← Ypsilon

Arabia

509462432Analyzed
4v4 RM · 6d ago on Sep 26, 2026· 64m 38s· 8 players
Game mode
Random Map
Map size
Large (8 player)
Population
200
Speed
Normal
Resources
Standard
Victory
Conquest
Starting age
Dark Age
Ending age
Imperial Age
RankedLock teamsTeams togetherTeam positionsShared explorationLock speedFull tech treeHidden civsTurbo modeCheats
Victory
Defeat
🇬🇧 Ethiopians · United Kingdom
1318
+13
🇮🇳 Persians · India
1241
+16
🇺🇸 Poles · United States
1232
+17
🇧🇷 Mongols · Brazil
1211
+17
🇬🇧 Teutons · United Kingdom
1339
-19
🇮🇹 Britons · Italy
1256
-16
🇮🇹 Malians · Italy
1223
-15
🇮🇹 Byzantines · Italy
1165
-13
General Admission
7:16 Loom
9:51 Feudal Age
14:41 Double-Bit Axe
14:46 Horse Collar
25:43 Castle Age
25:51 Fletching
26:07 Crossbowman
27:37 Bodkin Arrow
29:55 Padded Archer Armor
32:28 Ballistics
32:24 Gold Mining
34:50 Thumb Ring
42:54 Leather Archer Armor
45:36 Bow Saw
46:02 Heavy Plow
56:50 Imperial Age
56:18 Squires
56:20 Scale Mail Armor
56:31 Forging
58:19 Halberdier
twitch.tv/WatzTheDeal
2:21 Loom
10:49 Feudal Age
12:37 Double-Bit Axe
13:46 Horse Collar
15:14 Wheelbarrow
18:17 Forging
19:09 Scale Barding Armor
20:52 Bloodlines
25:21 Castle Age
25:22 Light Cavalry
26:05 Husbandry
26:51 Iron Casting
26:36 Chain Barding Armor
25:58 Pikeman
37:05 Fletching
37:56 Bodkin Arrow
46:45 Imperial Age
47:39 Winged Hussar
48:59 Squires
55:19 Caravan
wallnboom
7:07 Loom
9:26 Feudal Age
10:38 Double-Bit Axe
11:12 Horse Collar
14:37 Scale Barding Armor
15:31 Bloodlines
16:57 Forging
20:29 Wheelbarrow
23:12 Castle Age
22:16 Gold Mining
23:41 Husbandry
24:03 Chain Barding Armor
23:55 Bow Saw
24:22 Iron Casting
37:49 Stone Mining
39:47 Gold Shaft Mining
39:48 Stone Shaft Mining
44:20 Imperial Age
42:37 Heavy Plow
44:12 Cavalier
45:29 Plate Barding Armor
46:43 Blast Furnace
46:15 Savar
47:28 Conscription
49:14 Light Cavalry
53:00 Hussar
Ypsilon
8:30 Feudal Age
7:52 Loom
11:00 Double-Bit Axe
14:19 Fletching
17:36 Padded Archer Armor
20:43 Wheelbarrow
24:25 Castle Age
25:38 Bodkin Arrow
25:04 Crossbowman
26:02 Thumb Ring
26:37 Leather Archer Armor
26:31 Horse Collar
27:04 Bow Saw
27:44 Gold Mining
29:13 Ballistics
32:52 Stone Mining
33:32 Town Watch
34:03 Hand Cart
36:13 Gold Shaft Mining
41:39 Imperial Age
44:27 Bracer
43:49 Arbalester
44:59 Conscription
46:42 Chemistry
49:54 Heavy Plow
50:37 Guard Tower
52:15 Light Cavalry
53:43 Stone Shaft Mining
54:11 Bloodlines
53:23 Hussar
54:04 Husbandry
55:04 Scale Barding Armor
55:09 Forging
57:21 Chain Barding Armor
57:28 Siege Engineers
60:12 Caravan
63:52 Coinage
64:40 Iron Casting
NICH
9:57 Feudal Age
10:42 Double-Bit Axe
10:38 Horse Collar
12:58 Bloodlines
14:36 Loom
16:00 Scale Barding Armor
17:22 Forging
22:18 Castle Age
22:34 Gold Mining
23:29 Chain Barding Armor
24:05 Bow Saw
25:22 Iron Casting
25:28 Heavy Plow
30:14 Wheelbarrow
31:54 Hand Cart
33:32 Stone Mining
43:56 Imperial Age
44:07 Cavalier
45:40 Plate Barding Armor
47:08 Two-Man Saw
46:40 Crop Rotation
47:22 Blast Furnace
47:08 Paladin
53:16 Conscription
55:15 Fletching
57:44 Chemistry
59:37 Ballistics
59:30 Masonry
59:41 Bodkin Arrow
Il SiMo
8:47 Loom
10:33 Feudal Age
11:27 Double-Bit Axe
13:46 Fletching
23:22 Castle Age
21:30 Horse Collar
21:41 Gold Mining
22:40 Padded Archer Armor
23:31 Crossbowman
24:09 Bodkin Arrow
26:03 Bow Saw
26:32 Gold Shaft Mining
28:08 Wheelbarrow
29:42 Hand Cart
30:51 Ballistics
35:09 Leather Archer Armor
35:53 Stone Mining
38:26 Town Watch
41:32 Imperial Age
41:39 Arbalester
42:23 Warwolf
42:40 Bracer
43:50 Chemistry
44:25 Conscription
46:16 Pikeman
46:57 Squires
48:24 Halberdier
49:06 Heavy Plow
50:07 Scale Mail Armor
50:17 Forging
52:03 Chain Mail Armor
52:24 Iron Casting
57:59 Plate Mail Armor
60:54 Blast Furnace
Zephir-Horakhti
4:53 Loom
10:57 Feudal Age
15:29 Scale Barding Armor
18:49 Forging
18:43 Double-Bit Axe
18:45 Horse Collar
24:55 Castle Age
27:06 Iron Casting
26:51 Bow Saw
26:43 Heavy Plow
26:58 Husbandry
29:12 Chain Barding Armor
39:31 Elite Skirmisher
40:38 Thumb Ring
40:27 Fletching
40:38 Padded Archer Armor
46:55 Imperial Age
44:35 Bodkin Arrow
46:06 Wheelbarrow
48:03 Bracer
49:20 Leather Archer Armor
51:40 Ballistics
52:33 Conscription
52:37 Pikeman
53:18 Squires
53:25 Halberdier
55:32 Caravan
56:06 Ring Archer Armor
55:36 Scale Mail Armor
55:36 Arson
57:05 Hand Cart
Mich
6:08 Loom
10:06 Feudal Age
11:54 Wheelbarrow
11:08 Double-Bit Axe
16:16 Fletching
17:13 Padded Archer Armor
25:07 Castle Age
25:11 Crossbowman
25:52 Bodkin Arrow
26:12 Leather Archer Armor
27:37 Thumb Ring
35:33 Imperial Age
36:04 Imperial Age
42:48 Ballistics
44:03 Scale Mail Armor
46:14 Masonry
46:33 Squires
47:57 Arson
49:01 Man-at-Arms
49:57 Long Swordsman
50:49 Two-Handed Swordsman
52:45 Conscription
53:42 Champion
56:04 Bloodlines
55:15 Light Cavalry
57:15 Pikeman
58:16 Hand Cart
58:32 Bloodlines
62:10 Bow Saw
61:41 Horse Collar
61:54 Gold Mining
62:57 Heavy Plow
63:11 Heavy Camel Rider
Connection lost

Rejoining the realm…

Still unreachable

The connection could not be restored.

Session expired

The server has moved on; the page needs a fresh start.